 Dungeon Crawl Stone Soup version 0.29.0-11-gd7f09526c8 (webtiles) character file.

Game seed: 10443522875288204420

33 blackman the Sneak (level 3, -1/29 HPs)
             Began as a Demonspawn Delver on Sept 6, 2022.
             Slain by a phantom (2 damage)
             ... on level 5 of the Dungeon.
             The game lasted 00:01:52 (598 turns).

blackman the Sneak (Demonspawn Delver)               Turns: 598, Time: 00:01:52

Health: -1/29      AC:  3    Str: 14    XL:     3   Next: 12%
Magic:  3/3        EV: 11    Int: 11    God:
Gold:   16         SH:  0    Dex: 14    Spells: 2/2 levels left

rFire   . . .      SeeInvis .   j - +0 broad axe
rCold   . . .      Faith    .   (no shield)
rNeg    . . .      Spirit   .   b - +0 leather armour
rPois   .          Reflect  .   (no helmet)
rElec   .          Harm     .   (no cloak)
rCorr   .          Rampage  .   (no gloves)
Will    .....                   (no boots)
Stlth   ++........              i - amulet of the acrobat
HPRegen 0.09/turn               (no ring)
MPRegen 0.08/turn               (no ring)

@: no status effects
A: hooves 1, demonic guardian 1
a: no special abilities


You were on level 5 of the Dungeon.
You visited 1 branch of the dungeon, and saw 2 of its levels.

You collected 16 gold pieces.

Inventory:

Hand Weapons
 a - a +0 mace
 h - a +0 whip
 j - a +0 broad axe (weapon)
Armour
 b - a +0 leather armour (worn)
Jewellery
 i - an amulet of the acrobat (around neck)
Wands
 g - a wand of digging (3)
Scrolls
 c - a scroll of fog
 d - a scroll of magic mapping
 e - a scroll of fear
 k - a scroll of identify {unknown}
Potions
 f - a potion of haste


   Skills:
 - Level 3.0 Fighting
 * Level 2.4(2.8) Axes
 - Level 2.0(2.5) Maces & Flails
 - Level 1.7 Dodging
 - Level 4.5 Stealth


You had 2 spell levels left.
You didn't know any spells.
Your spell library contained the following spells:

 Spells                   Type           Power      Damage    Failure   Level
 Ensorcelled Hibernation  Hex/Ice        0%         N/A       56%         2
 Passwall                 Tmut/Erth      0%         N/A       56%         2
 Swiftness                Air            0%         N/A       80%         3


Dungeon Overview and Level Annotations

Branches:
Dungeon (6/15)
 Temple: D:4-7

Altars:

Annotations:
D:5 exclusion: iguana
D:6 Blork the orc, Maggie


Innate Abilities, Weirdness & Mutations

You have large cloven feet.
A weak demonic guardian rushes to your aid.


Message History

You barely miss the phantom. Your kick misses the phantom.
The phantom hits you.
The phantom blinks!
You blink.
You miss the phantom. Your kick misses the phantom. The phantom hits you.
The phantom barely misses you.
You closely miss the phantom. Your kick misses the phantom.
The phantom hits you.
You slash the phantom! Your kick misses the phantom.
The phantom is moderately damaged.
The phantom hits you.
You are too injured to fight recklessly!
You are too injured to fight recklessly!
You are too injured to fight recklessly!
You are too injured to fight recklessly!
You hit the phantom.
The phantom is heavily damaged.
The phantom barely misses you. x2
You slash the phantom!
The phantom is severely damaged.
The phantom hits you but does no damage.
You miss the phantom. Your kick misses the phantom.
The phantom is severely damaged.
The phantom hits you.
The phantom blinks!
You blink.
The phantom hits you.
* * * LOW HITPOINT WARNING * * *
You miss the phantom. Your kick misses the phantom.
The phantom is severely damaged.
The phantom hits you but does no damage.
You closely miss the phantom. Your kick misses the phantom.
The phantom is severely damaged.
The phantom hits you.
* * * LOW HITPOINT WARNING * * *
A demonic guardian appears!
The phantom blinks!
You blink.
The phantom hits you.
* * * LOW HITPOINT WARNING * * *
You barely miss the phantom. Your kick misses the phantom.
The phantom is severely damaged.
The phantom hits you but does no damage.
You miss the phantom.
The phantom is severely damaged.
The phantom hits you.
You die...

######### #....##..
#.#.##... ############
#.#.'....
#..........#######.#.'..>.
#.#####............#.'....
######.#
#.##.############...
#..÷...# ####### ##..
#......####..W@# ###
#...........#§##
#......##...##§#
#......##.###..#
###.##.##.####.##
#.##.......#.§#
#.#####.####.# ..# #.#
##.# .## #.# ...


You could see a phantom.

Vanquished Creatures
  An iguana (D:5)
  An ufetubus (D:6)
  An orc (D:6)
3 creatures vanquished.

Notes
Turn   | Place    | Note
-------+----------+-------------------------------------------
     0 | D:5      | blackman the Demonspawn Delver began the quest for the Orb.
     0 | D:5      | Reached XP level 1. HP: 18/18 MP: 1/1
    31 | D:5      | Noticed an iguana
   204 | D:6      | Noticed a black bear
   229 | D:6      | Reached skill level 1 in Axes
   237 | D:6      | Noticed Blork the orc
   237 | D:6      | Noticed Maggie
   237 | D:6      | Noticed an orc priest
   288 | D:5      | Killed an iguana
   289 | D:5      | Gained mutation: A weak demonic guardian rushes to your
                  | aid. [demonic ancestry]
   289 | D:5      | Reached XP level 2. HP: 3/24 MP: 2/2
   289 | D:5      | Discovered your monstrous ancestry.
   289 | D:5      | Gained mutation: You have large cloven feet. [demonic
                  | ancestry]
   289 | D:5      | Reached XP level 3. HP: 4/29 MP: 3/3
   586 | D:5      | Noticed a phantom
   596 | D:5      | HP: 1/29 [phantom (2)]
   598 | D:5      | Slain by a phantom

Illustrated notes

Levels and vault maps discovered:
D:5:      minmay_angry_zag, layout_loops_ring, nicolae_dithmenos_shadow_blocks,
          led_xom_imps, kennysheep_donut, roderic_serpentine_path,
          kennysheep_windowed_goal
D:6:      layout_gridville, vehumet_altar_wand_db,
          minmay_temple_entry_statues_fountains, uniq_blork_the_orc, uniq_maggie

Skill      XL: |  1 |
---------------+----+-----
Maces & Flails | 2 |  2.0
Axes           | 2 |  2.4
Fighting       | |  3.0
Dodging        | |  1.7
Stealth        | |  4.5

Action                   || total
-------------------------++-------
Melee: Broad axe         ||    16
       Mace              ||     2
 Stab: Sleeping          ||     1
Armor: Leather armour    ||     4
Dodge: Dodged            ||     6
